AoeStats
← astract

Arena

504961246Analyzed
1v1 RM · 24d ago on Sep 7, 2026· 37m 2s· 2 players
Game mode
Random Map
Map size
Tiny (2 player)
Population
200
Speed
Normal
Resources
Standard
Victory
Conquest
Starting age
Dark Age
Ending age
Imperial Age
RankedLock teamsTeams togetherTeam positionsShared explorationLock speedFull tech treeHidden civsTurbo modeCheats
Victory
Defeat
🇨🇦 Burgundians · Canada
580
+16
🇮🇳 Franks · India
590
-16
Mclogan
3:19 Double-Bit Axe
11:13 Feudal Age
14:52 Castle Age
12:45 Horse Collar
13:57 Bow Saw
14:57 Light Cavalry
16:57 Wheelbarrow
18:04 Husbandry
19:14 Gold Mining
20:48 Stone Mining
21:42 Gold Shaft Mining
21:40 Sanctity
21:23 Loom
23:23 Heavy Plow
28:16 Imperial Age
26:07 Scale Barding Armor
26:40 Town Watch
27:19 Hand Cart
27:14 Treadmill Crane
28:46 Chain Barding Armor
28:36 Forging
28:28 Padded Archer Armor
29:32 Fervor
30:33 Chemistry
29:48 Masonry
29:59 Ballistics
29:11 Hussar
30:49 Conscription
31:09 Plate Barding Armor
31:10 Iron Casting
32:16 Burgundian Vineyards
34:37 Blast Furnace
33:53 Leather Archer Armor
34:58 Fortified Wall
astract
11:14 Feudal Age
12:15 Double-Bit Axe
17:22 Castle Age
19:34 Bow Saw
21:52 Loom
25:31 Wheelbarrow
25:14 Fortified Wall
25:00 Murder Holes
28:58 Imperial Age
27:23 Husbandry
28:21 Forging
31:20 Squires
30:41 Pikeman
31:10 Arson
30:53 Cavalier
33:46 Crossbowman
Connection lost

Rejoining the realm…

Still unreachable

The connection could not be restored.

Session expired

The server has moved on; the page needs a fresh start.